 Dungeon Sprint DCSS version 0.27.1-33-g824d729ab1 (webtiles) character file.

Game seed: 9625975849216567371

1250 manyhoops the Fighter (level 8, -1/129 HPs)
             Began as a Minotaur Berserker on Nov 25, 2021.
             Was an Elder of Trog.
             Succumbed to Sonja's poison
             ... in the Dungeon (Sprint I: "Red Sonja").
             The game lasted 00:01:33 (715 turns).

manyhoops the Fighter (Minotaur Berserker)           Turns: 715, Time: 00:01:34

Health: -1/129     AC:  6    Str: 24    XL:     8   Next: 26%
Magic:  7/7        EV: 13    Int:  4    God:    Trog [****..]
Gold:   228        SH:  0    Dex: 10    Spells: 7/7 levels left

rFire    . . .     SeeInvis .   a - +0 hand axe
rCold    . . .     Faith    .   (no shield)
rNeg     . . .     Spirit   .   i - +0 ring mail
rPois    .         Reflect  .   (helmet restricted)
rElec    .         Harm     .   (no cloak)
rCorr    .         Rampage  .   (no gloves)
Will     .....     NoTele   +   (no boots)
Stlth    ..........             (no amulet)
HPRegen  0.31/turn              (no ring)
MPRegen  0.10/turn              (no ring)

@: berserking (expiring), lethally poisoned (-1 -> -59), very quick
A: horns 2, retaliatory headbutt
a: Renounce Religion, Berserk, Trog's Hand, Brothers in Arms


You were in the Dungeon.
You worshipped Trog.
Trog was greatly pleased with you.
You visited 1 branch You collected 366 gold pieces.
You spent 138 gold pieces at shops.

Inventory:

Hand Weapons
 a - a +0 hand axe (weapon)
Missiles
 j - 10 poisoned darts (quivered)
Armour
 b - a +0 animal skin
 i - a +0 ring mail (worn)
Wands
 k - a wand of mindburst (11)
Scrolls
 h - a scroll of blinking
 l - a scroll of enchant armour
 m - 2 scrolls of identify
Potions
 c - a potion of curing
 d - a potion of heal wounds
 e - a potion of haste
 f - 2 potions of magic
 g - a potion of berserk rage


   Skills:
 + Level 13.2 Fighting
 + Level 13.2 Axes
 + Level 8.1 Armour
 + Level 7.9 Dodging
 - Level 1.0 Stealth


You had 7 spell levels left.
You didn't know any spells.
Your spell library was empty.

Dungeon Overview and Level Annotations

Branches:
Dungeon (1/1)

Altars:
Cheibriados
Dithmenos
Elyvilon
Fedhas
Gozag
Hepliaklqana
Kikubaaqudgha
Makhleb
Nemelex Xobeh
Okawaru
Qazlal
Ru
Sif Muna
Trog
Uskayaw
Vehumet
Wu Jian
Xom
Yredelemnul
Zin
The Shining One
Jiyva
Lugonu

Shops:
D *

Annotations:
D Sonja


Innate Abilities, Weirdness & Mutations

You have a pair of horns on your head.
You reflexively headbutt those who attack you in melee.


Message History

You feel very sick.
Sonja says, "I'm academy-trained, you know."
Sonja hits you with a +1 dagger of venom.
* * * LOW HITPOINT WARNING * * *
You are more poisoned.
Sonja completely misses you. Sonja hits you but does no damage.
You are more poisoned.
Unknown command.
You completely miss Sonja. Your headbutt misses Sonja.
Sonja is moderately wounded.
* * * LOW HITPOINT WARNING * * *
You feel extremely sick.
Sonja twirls her cape.
Sonja gestures wildly while chanting.
Sonja blinks!
* * * LOW HITPOINT WARNING * * *
You feel extremely sick.
There is an open door here.
Unknown command.
Unknown command.
You barely miss Sonja.
Sonja is moderately wounded.
* * * LOW HITPOINT WARNING * * *
You feel very sick.
Your ring mail prevents you from hitting Sonja.
Your headbutt misses Sonja.
Sonja is moderately wounded.
* * * LOW HITPOINT WARNING * * *
You feel very sick. Sonja barely misses you. You furiously retaliate!
You headbutt Sonja!
Sonja hits you with a +1 dagger of venom.
* * * LOW HITPOINT WARNING * * *
You are more poisoned.
Sonja hits you with a +1 dagger of venom.
* * * LOW HITPOINT WARNING * * *
You are more poisoned.
Unknown command.
You miss Sonja.
Sonja is almost dead.
You die...

##########################
#<.#..)..#..'..#__#..')..#
#..').#..').#..'..'..#)..#
#..#####+#####'#__####...+
#..### #...#.####§§#####
#..#__####.K##.#≈§§.c#
#..#_____##@#_.+≈≈§.§
#⌠⌠#_.∩...†..._#§≈≈.c#
####_..__##_.#'# +####
#_____###'#.# ####### .###
.$ .$# .## +#


You could see Sonja.

Vanquished Creatures
  2 kobold demonologists (D)
  A slime creature (D)
  Sigmund (D)
  A yak (D)
  A floating eye (D)
  An ogre (D)
  A jelly (D)
  Ijyb (D)
9 creatures vanquished.

Vanquished Creatures (others)
  A gargoyle (D)
1 creature vanquished.

Grand Total: 10 creatures vanquished

Notes
Turn   | Place    | Note
-------+----------+-------------------------------------------
     0 | D        | manyhoops the Minotaur Berserker began the quest for the
                  | Orb.
     0 | D        | Reached XP level 1. HP: 19/19 MP: 0/0
     1 | D        | Noticed Ijyb
     9 | D        | HP: 1/28 [Ijyb (3)]
    10 | D        | Killed Ijyb
    11 | D        | Reached skill level 5 in Fighting
    11 | D        | Reached skill level 5 in Axes
    11 | D        | Reached XP level 2. HP: 2/29 MP: 1/1
   308 | D        | Noticed an ogre
   312 | D        | Killed an ogre
   313 | D        | Reached XP level 3. HP: 37/40 MP: 2/2
   313 | D        | Reached XP level 4. HP: 44/48 MP: 3/3
   417 | D        | Noticed Sigmund
   420 | D        | Killed Sigmund
   420 | D        | Reached ** piety under Trog
   421 | D        | Reached skill level 5 in Armour
   421 | D        | Reached skill level 5 in Dodging
   421 | D        | Reached XP level 5. HP: 58/58 MP: 4/4
   421 | D        | Reached XP level 6. HP: 66/66 MP: 5/5
   421 | D        | Killed a gargoyle
   437 | D        | Found an ornate altar of the Wu Jian Council.
   437 | D        | Found a shimmering blue altar of Sif Muna.
   439 | D        | Found a radiant altar of Vehumet.
   443 | D        | Reached skill level 10 in Fighting
   443 | D        | Reached skill level 10 in Axes
   460 | D        | Noticed a centaur warrior
   460 | D        | Noticed a centaur warrior
   466 | D        | Found a viscous altar of Jiyva.
   466 | D        | Found a corrupted altar of Lugonu.
   466 | D        | Noticed a slime creature
   467 | D        | Found a burning altar of Makhleb.
   467 | D        | Found a shimmering altar of Xom.
   473 | D        | Killed a slime creature
   557 | D        | Found Umaruacwe's General Store.
   557 | D        | Found an ancient bone altar of Kikubaaqudgha.
   557 | D        | Found a hazy altar of Hepliaklqana.
   557 | D        | Found a stormy altar of Qazlal.
   557 | D        | Found a hide-covered altar of Uskayaw.
   557 | D        | Found a blossoming altar of Fedhas.
   557 | D        | Found a bloodstained altar of Trog.
   557 | D        | Found an iron altar of Okawaru.
   557 | D        | Found a basalt altar of Yredelemnul.
   557 | D        | Found a glowing golden altar of the Shining One.
   557 | D        | Found a snail-covered altar of Cheibriados.
   557 | D        | Found a sacrificial altar of Ru.
   557 | D        | Found a glowing silver altar of Zin.
   557 | D        | Found a shadowy altar of Dithmenos.
   557 | D        | Found a white marble altar of Elyvilon.
   557 | D        | Noticed a yak
   563 | D        | Killed a yak
   563 | D        | Reached *** piety under Trog
   564 | D        | Reached XP level 7. HP: 75/75 MP: 6/6
   564 | D        | Found an opulent altar of Gozag.
   586 | D        | Found a sparkling altar of Nemelex Xobeh.
   590 | D        | Bought a scroll of enchant armour for 90 gold pieces
   590 | D        | Bought a scroll of identify for 24 gold pieces
   590 | D        | Bought a scroll of identify for 24 gold pieces
   608 | D        | Noticed a kobold demonologist
   610 | D        | Noticed a kobold demonologist
   614 | D        | Noticed an orange demon
   619 | D        | Killed a kobold demonologist
   626 | D        | Killed a kobold demonologist
   626 | D        | Reached **** piety under Trog
   627 | D        | Reached skill level 1 in Stealth
   627 | D        | Reached XP level 8. HP: 86/86 MP: 7/7
   695 | D        | Noticed Sonja
   714 | D        | HP: 5/129 [Sonja (2)]
   715 | D        | Succumbed to Sonja's poison

Illustrated notes

Levels and vault maps discovered:
D:        dungeon_sprint_1 [red_sonja_temple_1, red_sonja_temple_small_1]

Skill      XL: |  1  2  3  4  5  6  7 |
---------------+----------------------+-----
Fighting       | 5 7 9 11 13 | 13.2
Axes           | 5 7 9 11 13 | 13.2
Armour         | 3 4 5 6 8 |  8.1
Dodging        | 3 4 5 6 7 |  7.9
Stealth        | 1 |  1.0

Action                   |  1- 3 |  4- 6 |  7- 9 || total
-------------------------+-------+-------+-------++-------
Melee: Hand axe          |    10 |    14 |    33 ||    57
       Headbutt          |     2 |     5 |     3 ||    10
Invok: Berserk           |     2 |     3 |     2 ||     7
Armor: Animal skin       |     1 |       |       ||     1
       Ring mail         |       |     1 |     4 ||     5
Dodge: Dodged            |     3 |     5 |    10 ||    18
